 Dungeon Crawl Stone Soup version 0.31-a0-175-g9f7f995f2b (webtiles) character file.

Game seed: 17757209408086060958

17392 olmar the Protected (level 12, -13/110 HPs)
             Began as an Armataur Fighter on June 17, 2023.
             Was an Initiate of Gozag.
             Mangled by an ettin
             ... wielding a +0 dire flail
              (18 damage)
             ... on level 2 of the Orcish Mines.
             The game lasted 00:19:07 (15564 turns).

olmar the Protected (Armataur Fighter)             Turns: 15564, Time: 00:19:08

Health: -13/110    AC: 17    Str: 32    XL:     12   Next: 18%
Magic:  12/12      EV:  7    Int:  8    God:    Gozag
Gold:   533        SH:  6    Dex: 15    Spells: 11/11 levels left

rFire   + . .        M - +3 flail (heavy)
rCold   . . .        c - +0 buckler
rNeg    . . .        A - +3 chain mail
rPois   +            (no helmet)
rElec   .            h - +1 cloak
rCorr   .            (no gloves)
SInv    .            (no barding)
Will    .....        G - amulet of the acrobat Stlth
                     V - ring "Tyas" {rF+ Str+4 Dex+6}
HPRegen 0.38/turn    o - ring of poison resistance
MPRegen 0.13/turn

%: acrobat, roll
@: no status effects
A: large, rugged brown scales 3, deformed body, armoured tail, roll, long
tongue, awkward tongue
a: Renounce Religion, Potion Petition, Call Merchant, Bribe Branch


You were on level 2 of the Orcish Mines.
You worshipped Gozag.
Gozag was pleased with you.
You visited 4 branches of the dungeon, and saw 15 of its levels.
You also visited: Bailey.

You collected 3713 gold pieces.
You paid 3180 gold pieces to Gozag.

Inventory:

Hand Weapons
 a - a +0 flail
 j - a +4 flail
 k - a +1 morningstar of protection
 F - a +0 flail of protection
 M - a +3 heavy flail (weapon)
Missiles
 K - 24 boomerangs
 P - 6 poisoned darts
Armour
 b - a +0 scale mail
 c - a +0 buckler (worn)
 h - a +1 cloak (worn)
 i - a +0 chain mail
 A - a +3 chain mail (worn)
 L - a +0 plate armour
Jewellery
 o - a ring of poison resistance (right hand)
 q - a +6 ring of dexterity
 v - an amulet of magic regeneration
 y - a ring of fire
 G - an amulet of the acrobat (around neck)
 I - a ring of see invisible
 J - a +4 ring of protection
 T - a ring of magical power
 V - the ring "Tyas" (left hand) {rF+ Str+4 Dex+6}
   (You found it on level 1 of the Lair of Beasts)

   [ring of dexterity]

   Str:       It affects your strength (+4).
   Dex:       It affects your dexterity (+6).
   rF:        It protects you from fire.
Wands
 n - a wand of digging (6)
 r - a wand of paralysis (2) (quivered)
 s - a wand of polymorph (5)
 Q - a wand of flame (5)
Scrolls
 f - a scroll of poison
 g - a scroll of teleportation
 m - a scroll of fog
 w - 2 scrolls of enchant weapon
 x - a scroll of noise
 O - a scroll of enchant armour
Potions
 d - a potion of might
 e - a potion of haste
 l - 3 potions of cancellation
 p - 3 potions of attraction
 t - 3 potions of heal wounds {unknown}
 u - 3 potions of brilliance
 z - 2 potions of mutation {unknown}
 B - a potion of invisibility {unknown}
 C - a potion of ambrosia {unknown}
 D - 4 potions of enlightenment
 E - 3 potions of degeneration
 H - a potion of magic {unknown}
 S - 3 potions of curing
 U - a potion of berserk rage {unknown}


   Skills:
 + Level 8.6 Fighting
 + Level 12.4 Maces & Flails
 + Level 0.6 Throwing
 + Level 13.5 Armour
 - Level 0.5 Stealth
 - Level 6.4 Shields
 + Level 1.7 Evocations


You had 11 spell levels left.
You didn't know any spells.
Your spell library contained the following spells:

 Spells                   Type           Power      Damage    Failure   Level
 Apportation              Tloc           0%         N/A       80%         1
 Necrotise                Necr           0%         1d4       80%         1
 Summon Small Mammal      Summ           0%         N/A       80%         1
 Cigotuvi's Dreadful Rot  Necr/Pois/Air  0%         N/A       90%         2
 Static Discharge         Conj/Air       0%         2-2/arc   90%         2
 Hailstorm                Conj/Ice       0%         3d3       99%         3
 Stone Arrow              Conj/Erth      0%         3d7       99%         3
 Vhi's Electric Charge    Tloc/Air       0%         N/A       99%         3
 Airstrike                Air            0%         2d(0-16)  100%        4
 Animate Armour           Summ/Erth      0%         N/A       100%        4
 Dispel Undead            Necr           0%         3d6       100%        4
 Ice Form                 Ice/Tmut       0%         N/A       100%        4
 Summon Ice Beast         Ice/Summ       0%         N/A       100%        4
 Summon Lightning Spire   Summ/Air       0%         N/A       100%        4
 Arcjolt                  Conj/Air       0%         1d10      100%        5
 Summon Mana Viper        Hex/Summ       0%         N/A       100%        5
 Death Channel            Necr           0%         N/A       100%        6
 Monstrous Menagerie      Summ           0%         N/A       100%        7
 Lehudib's Crystal Spear  Conj/Erth      0%         10d2      100%        8
 Maxwell's Capacitive Co  Air            0%         ∞         100%        8
 Simulacrum               Ice/Necr       Unusable   N/A       N/A         6

Dungeon Overview and Level Annotations

Branches:
Dungeon (11/15)            Temple (1/1) D:6            Lair (1/5) D:11
    Orc (2/2) D:11         Bailey (visited)
    Elf: Orc:2

Altars:
Cheibriados
Dithmenos
Elyvilon
Fedhas
Gozag
Hepliaklqana
Kikubaaqudgha
Makhleb
Nemelex Xobeh
Okawaru
Qazlal
Ru
Sif Muna
Trog
Uskayaw
Vehumet
Wu Jian
Xom
Yredelemnul
Zin
The Shining One

Shops:
Orc:2 [=*   Lair:1 [((

Annotations:
D:3 4 runed translucent doors, Crazy Yiuf; oldplebian's ghost, weakling DgCj
Orc:1 2 runed translucent doors, exclusion: orange crystal statue


Innate Abilities, Weirdness & Mutations

You are completely covered in rugged brown scales. (AC +3, +7% HP)
Armour fits poorly on your strangely shaped body.
You have a long armoured tail.
You roll when moving toward enemies. (Rampage)
Your long tongue fully drains potion bottles. (2x potion effects)
Your tongue gives you trouble enunciating. (1.5x scroll delay)


Message History

You start resting.
HP restored.
You now have 497 gold pieces (gained 13).
You see here 5 large rocks.
You now have 515 gold pieces (gained 18).
You see here a +0 giant club.
You now have 533 gold pieces (gained 18).
You see here a +0 giant club.
An ettin comes into view. It is wielding two +0 dire flails.
An ettin is nearby!
An ettin is nearby!
Found Yzugorr's Antique Armour Shop.
The ettin shouts in stereo!
You hear a shout!
You roll towards the ettin!
A cyclops comes into view.
The cyclops shouts!
The ettin closely misses you. The ettin barely misses you.
Unknown command.
You sock the ettin!
You tail-slap the ettin, but do no damage.
The ettin is lightly wounded.
You block the ettin's attack.
The ettin hits you with a +0 dire flail.
Unknown command.
You thump the ettin!
The ettin is moderately wounded.
The ettin hits you with a +0 dire flail!!
The ettin hits you with a +0 dire flail!!!
The cyclops throws a large rock.
The large rock hits you!!
* * * LOW HITPOINT WARNING * * *
You hear a shout!
Unknown command.
You are too injured to fight recklessly!
Okay, then.
As you slowly read the scroll of fear, it crumbles to dust.
You assume a fearsome visage.
The cyclops looks frightened!
The ettin resists with some effort.
The ettin barely misses you.
The ettin hits you with a +0 dire flail!!
You die...
Your body crumbles into a pile of gold.

..#...P.∩....P
........................
............#...........
............##.P........
....P......# #..P..P....
...8.......# ###......#.
......P....####...#.....
P.....C.....##.#........
...∩...@...##......(....
...........###..........
P..CP.....## #...#......
...........###..........
........#.#.#)).........
.....P.##....#........PP
.###........##....##P...
#.......####....##.PP.
......... #...........


You could see an ettin and a cyclops (fleeing).

Vanquished Creatures
  A stone giant (Orc:2)
  An ettin (Orc:2)
  A two-headed ogre (D:9)
  An orc knight (Bailey)
  Pikel (D:7)
  5 cyclopes
  A manticore (D:11)
  3 cane toads (Lair:1)
  A komodo dragon (Lair:1)
  3 trolls
  Sigmund (D:3)
  4 slime creatures (D:11)
  A vampire (D:10)
  A wyvern (Lair:1)
  8 yaks
  A basilisk (Lair:1)
  2 steam dragons
  A warg (Orc:1)
  2 acid dragons
  5 water moccasins
  A swamp drake (D:9)
  2 ice beasts
  18 orc warriors
  A black bear (D:11)
  A sky beast (D:7)
  6 ogres
  5 centaurs
  6 wolves (Lair:1)
  A phantom (D:5)
  2 lemures (D:7)
  7 bullfrogs
  2 gnoll sergeants
  5 scorpions
  3 wights (D:7)
  9 killer bees
  7 howler monkeys
  A lava snake (Orc:2)
  7 hounds
  5 jellies
  11 orc priests
  A gnoll bouda (D:6)
  3 iguanas
  An iron imp (D:10)
  A sleepcap (D:8)
  17 orc wizards
  11 gnolls
  10 adders
  A shadow imp (D:7)
  A white imp (D:7)
  An ufetubus (D:6)
  3 worms
  2 dart slugs
  63 orcs
  9 endoplasms
  5 giant cockroaches
  11 goblins
  8 hobgoblins
  6 jackals
  5 quokkas
  5 ball pythons
  6 bats
  3 frilled lizards
  A goblin zombie (D:7)
  A hobgoblin zombie (D:7)
  22 kobolds
  A kobold skeleton (D:7)
  2 orc skeletons (D:7)
  4 rats
348 creatures vanquished.

Vanquished Creatures (others)
  A human (D:10)
1 creature vanquished.

Grand Total: 349 creatures vanquished

Notes
Turn   | Place    | Note
-------+----------+-------------------------------------------
     0 | D:1      | olmar the Armataur Fighter began the quest for the Orb.
     0 | D:1      | Reached XP level 1. HP: 19/19 MP: 1/1
     8 | D:1      | Noticed an electric eel
    84 | D:1      | Reached XP level 2. HP: 26/26 MP: 2/2
   243 | D:1      | Reached skill level 4 in Armour
   386 | D:1      | Reached XP level 3. HP: 32/32 MP: 3/3
  1471 | D:2      | Reached XP level 4. HP: 36/40 MP: 4/4
  1748 | D:3      | Found a runed translucent gate.
  1748 | D:3      | Found a runed translucent gate.
  1748 | D:3      | Found a runed translucent gate.
  1794 | D:3      | Found a sparkling altar of Nemelex Xobeh.
  1875 | D:3      | Found a shadowy altar of Dithmenos.
  2063 | D:3      | Noticed Sigmund
  2081 | D:3      | Killed Sigmund
  2082 | D:3      | Reached skill level 5 in Armour
  2082 | D:3      | Reached XP level 5. HP: 42/48 MP: 5/5
  2334 | D:3      | Found a runed translucent door.
  2335 | D:3      | Noticed Crazy Yiuf
  2547 | D:3      | Found a faded altar of an unknown god.
  2652 | D:3      | Noticed oldplebian's ghost (weakling DgCj)
  2854 | D:4      | Reached XP level 6. HP: 42/54 MP: 6/6
  3042 | D:4      | Found an iron altar of Okawaru.
  3243 | D:4      | Reached skill level 6 in Armour
  3243 | D:4      | Reached XP level 7. HP: 62/62 MP: 7/7
  3490 | D:5      | Entered Level 5 of the Dungeon
  3544 | D:4      | Reached skill level 5 in Maces & Flails
  3972 | D:5      | Found a basalt altar of Yredelemnul.
  4003 | D:5      | Reached skill level 5 in Shields
  4140 | D:5      | Found an ornate altar of the Wu Jian Council.
  4198 | D:5      | Reached skill level 7 in Armour
  4505 | D:5      | Reached XP level 8. HP: 63/70 MP: 8/8
  4969 | D:6      | Found a burning altar of Makhleb.
  4971 | D:6      | Found a glowing silver altar of Zin.
  4971 | D:6      | Noticed an angel
  4972 | D:6      | Noticed a cacodemon
  5082 | D:6      | Reached skill level 8 in Armour
  5103 | D:6      | Found a staircase to the Ecumenical Temple.
  5113 | Temple   | Entered the Ecumenical Temple
  5116 | Temple   | Became a worshipper of Gozag Ym Sagoz the Greedy
  5379 | D:6      | Found a sacrificial altar of Ru.
  5379 | D:6      | Found a white marble altar of Elyvilon.
  5379 | D:6      | Found a hide-covered altar of Uskayaw.
  5724 | D:7      | Found a shimmering altar of Xom.
  5749 | D:7      | Found a glowing golden altar of the Shining One.
  5820 | D:7      | Reached skill level 5 in Fighting
  5839 | D:7      | Reached XP level 9. HP: 63/79 MP: 9/9
  6054 | D:7      | Noticed Pikel
  6088 | D:7      | Killed Pikel
  6089 | D:7      | Reached skill level 9 in Armour
  6242 | D:7      | Found a stormy altar of Qazlal.
  6854 | D:8      | Found a bloodstained altar of Trog.
  8284 | D:9      | Found a blossoming altar of Fedhas.
  8383 | D:8      | Reached XP level 10. HP: 30/88 MP: 10/10
  8388 | D:8      | Reached skill level 10 in Armour
  8416 | D:8      | HP: 4/88 [yak (5)]
  8839 | D:9      | Reached skill level 1 in Evocations
  8970 | D:9      | Noticed a two-headed ogre
  9205 | D:9      | Killed a two-headed ogre
  9206 | D:9      | Reached skill level 11 in Armour
  9306 | D:9      | Reached skill level 10 in Maces & Flails
  9612 | D:10     | Entered Level 10 of the Dungeon
  9648 | D:10     | Found a hazy altar of Hepliaklqana.
  9648 | D:10     | Found a faded altar of an unknown god.
  9710 | D:10     | Found a flagged portal.
  9746 | Bailey   | Entered a bailey
 10114 | Bailey   | Noticed an orc knight
 10130 | Bailey   | Killed an orc knight
 10131 | Bailey   | Reached XP level 11. HP: 61/98 MP: 11/11
 10457 | Bailey   | Identified the staff of fire "Sueddolaet" {Contam rElec rF+
                  | rN+ Int+2}
 10658 | D:10     | Found a radiant altar of Vehumet.
 10715 | D:10     | Found a shimmering blue altar of Sif Muna.
 10980 | D:10     | Found an ancient bone altar of Kikubaaqudgha.
 11263 | D:10     | Found a snail-covered altar of Cheibriados.
 11560 | D:11     | Reached skill level 12 in Armour
 12109 | D:11     | Found a staircase to the Orcish Mines.
 12269 | D:11     | Found a staircase to the Lair.
 12281 | Lair:1   | Entered Level 1 of the Lair of Beasts
 13238 | Lair:1   | Identified the ring "Tyas" {rF+ Str+4 Dex+6}
 13774 | Orc:1    | Entered Level 1 of the Orcish Mines
 14151 | Orc:1    | Found a runed translucent door.
 14152 | Orc:1    | Noticed an orange crystal statue
 14156 | Orc:1    | Found the +10 tower shield of Ignorance {rN+ Int-4}
 14551 | Orc:1    | Found a runed translucent door.
 14623 | Orc:2    | Entered Level 2 of the Orcish Mines
 15070 | Orc:2    | Noticed a stone giant
 15078 | Orc:2    | Found Eryssier's Jewellery Emporium.
 15082 | Orc:2    | Reached skill level 13 in Armour
 15096 | Orc:2    | Killed a stone giant
 15097 | Orc:2    | Reached XP level 12. HP: 26/110 MP: 12/12
 15361 | Orc:2    | Noticed an ettin
 15385 | Orc:2    | Killed an ettin
 15415 | Orc:2    | Found Zuqaoqui's General Store.
 15558 | Orc:2    | Noticed an ettin
 15559 | Orc:2    | Found Yzugorr's Antique Armour Shop.
 15563 | Orc:2    | HP: 4/110 [cyclops/large rock (33)]
 15564 | Orc:2    | Mangled by an ettin

Illustrated notes

Levels and vault maps discovered:
D:1:      arrival_aquarium_a, layout_rooms, dk_noncrumbling_4,
          minmay_tiny_reverse_x
D:2:      layout_loops_corners, roderic_serpentine_path,
          minmay_misc_feat_ornament, roderic_roman_lattice, chequers_jeans
D:3:      layout_basic, mainiacjoe_overflow_alcove_2,
          mainiacjoe_overflow_chevrons,
          hellmonk_ecumenical_altar_pennies_from_heaven, gammafunk_ghost_icy,
          serial_bayou_lagoon_a, chequers_serial_rivers_small_3, uniq_sigmund,
          uniq_crazy_yiuf_cottage
D:4:      layout_basic, okawaru_trees_1
D:5:      layout_cave_pools, mainiacjoe_overflow_tiny_flanked,
          nicolae_wu_jian_wuxing_cycle, nicolae_half_adder
D:6:      layout_loops_ring, grunt_temple_overflow_order_and_chaos_2,
          gammafunk_temple_overflow_claw, nicolae_overflow_hidden_temple,
          minmay_temple_entry_antechambers
D:7:      layout_loops_ring, xom_teletrap_fun, nicolae_tso_besieged_by_evil,
          nicolae_qazlal_style_of_elements, uniq_pikel
D:8:      layout_layer_cave, old_standard_altar
D:9:      layout_cross, mainiacjoe_overflow_small_starburst,
          minmay_fractal_squares_5
D:10:     layout_gridville, beargit_hepliaklqana_dungeon_heroes,
          nicolae_vehumet_altar_sigil, mainiacjoe_overflow_alcove_1,
          tgw_kikubaaqudgha, slow_altar_2, enter_bailey_4,
          hangedman_abyss_or_decor_lesser_grid
D:11:     layout_irregular_city, grunt_lair_entry_orc_guard_hut,
          hiddenorc2_lemuel, biasface_ghost_orc_armoury
Temple:   ebering_the_one_and_only
Lair:1:   layout_cave_pods, serial_bayou_pond_e, lemuel_old_faithful
Orc:1:    layout_caves, chequers_guarded_unrand_ignorance
Orc:2:    grunt_orc_gardens, layout_caves, grunt_orc_garden, grunt_orc_garden,
          grunt_orc_garden, grunt_orc_garden, nicolae_orc_lava_tube,
          statue_in_the_mist_lemuel, uniq_snorg, uniq_saint_roka

Skill      XL: |  1  2  3  4  5  6  7  8  9 10 11 |
---------------+----------------------------------+-----
Maces & Flails | 2 3 4 5 6 8 10 12 | 12.4
Armour         | 4 5 6 7 8 9 11 13 | 13.5
Fighting       | 3 4 5 6 7 8 |  8.6
Shields        | 4 5 6 |  6.4
Evocations     | 1 |  1.7
Throwing       | |  0.6
Stealth        | |  0.5

Action                     |  1- 3 |  4- 6 |  7- 9 | 10-12 || total
---------------------------+-------+-------+-------+-------++-------
  Melee: Flail             |   152 |    89 |   443 |   504 ||  1188
         Tailslap          |    13 |     8 |    61 |    65 ||   147
  Throw: Boomerang         |       |       |       |     6 ||     6
 Invoke: Call Merchant     |       |       |       |     3 ||     3
         Potion Petition   |       |       |       |     1 ||     1
  Evoke: Wand              |       |       |     4 |    10 ||    14
    Use: Potion            |       |     1 |     4 |     6 ||    11
         Scroll            |       |     1 |     8 |    12 ||    21
   Stab: Paralysed         |       |       |       |     5 ||     5
         Distracted        |       |       |       |     3 ||     3
         Invisible         |       |       |       |     3 ||     3
 Armour: Scale mail        |    73 |       |       |       ||    73
         Chain mail        |    45 |    40 |   269 |   249 ||   603
         Plate armour      |       |       |    94 |   104 ||   198
  Dodge: Dodged            |    73 |    28 |   195 |   214 ||   510
  Block: Buckler           |    34 |    21 |   126 |   144 ||   325

Table legend: (Time is in decaauts)
 A = Elapsed time spent in this place.
 B = Non-inter-level travel time spent in this place.
 C = Inter-level travel time spent in this place.
 D = Time resting spent in this place.
 E = Time spent auto-exploring this place.
 F = Levels seen in this place.
 G = Mean time per level.
                   A        B        C        D        E       F      G
               +--------+--------+--------+--------+--------+-----+--------+
         Total |  15827 |  15231 |    596 |   2646 |   9754 |  16 |  989.2 |
       Dungeon |  11756 |  11248 |    508 |   1246 |   7852 |  11 | 1068.7 |
        Temple |      6 |      6 |      0 |      0 |      0 |   1 |    6.0 |
          Lair |   1485 |   1418 |     67 |    292 |    970 |   1 | 1485.0 |
  Orcish Mines |   1792 |   1772 |     20 |    696 |    794 |   2 |  896.0 |
        Bailey |    786 |    786 |      0 |    411 |    138 |   1 |  786.0 |
               +--------+--------+--------+--------+--------+-----+--------+

Top non-repeatable levels by time:
     D:8: 1881 daAuts
  Lair:1: 1485 daAuts
     D:3: 1350 daAuts
     D:7: 1224 daAuts
     D:4: 1129 daAuts
     D:2: 1075 daAuts
    D:11: 996 daAuts
     D:6: 987 daAuts
    D:10: 971 daAuts
   Orc:2: 931 daAuts
   Orc:1: 860 daAuts
     D:9: 852 daAuts
  Bailey: 786 daAuts
     D:1: 645 daAuts
     D:5: 642 daAuts
